 Dungeon Crawl Stone Soup version 0.22-a0-750-ga7dcef7 (webtiles) character file.

5132 Amnesiac the Fighter (level 10, -1/80 HPs)
             Began as a Mummy Wizard on July 15, 2018.
             Was a Priest of Vehumet.
             Shot with a bolt by an orc (17 damage)
             ... in a bailey.
             The game lasted 00:19:25 (11037 turns).

Amnesiac the Fighter (Mummy Wizard)                Turns: 11037, Time: 00:19:26

Health: -1/80      AC: 10    Str: 10    XL:     10   Next: 33%
Magic:  0/19       EV: 15    Int: 22    God:    Vehumet [***...]
Gold:   504        SH:  0    Dex: 10    Spells: 10/21 levels left

rFire    x . .     SeeInvis .   A - +0 arbalest
rCold    + . .     Gourm    .   (shield currently unavailable)
rNeg     + + +     Faith    .   m - +0 robe
rPois    ∞         Spirit   +   c - +2 hat
rElec    .         Reflect  .   k - +2 cloak
rCorr    .         Harm     .   (no gloves)
MR       +....                  f - +2 pair of boots
Stlth    +.........             x - amulet of guardian spirit
HPRegen  0.23/turn              (no ring)
MPRegen  0.16/turn              (no ring)

@: very slow
A: no food or potions, fire vulnerability, cold resistance 1, negative energy
resistance 3, torment resistance, unbreathing
a: Renounce Religion


You were in a bailey.
You worshipped Vehumet.
Vehumet was most pleased with you.
You were not hungry.

You visited 2 branches of the dungeon, and saw 11 of its levels.
You also visited: Sewer and Bailey.

You collected 504 gold pieces.

Inventory:

Hand Weapons
 a - a +2 hunting sling of freezing
 b - a +0 falchion of electrocution
 A - a +0 arbalest (weapon)
Missiles
 l - 39 stones
 q - 36 sling bullets
 z - 86 bolts (quivered)
Armour
 c - a +2 hat (worn)
 e - a +0 shield
 f - a +2 pair of boots (worn)
 k - a +2 cloak (worn)
 m - a +0 robe (worn)
Magical Staves
 p - an uncursed staff of conjuration
 y - an uncursed staff of fire
Jewellery
 x - an amulet of guardian spirit (around neck)
Wands
 j - a wand of disintegration (12)
 n - a wand of scattershot (11)
 u - a wand of clouds (3)
 v - a wand of enslavement (16)
Scrolls
 d - 6 scrolls of remove curse {!r}
 g - 7 scrolls of teleportation {!r}
 h - 2 scrolls of fear {!r}
 i - a scroll of amnesia {!r}
 o - 2 scrolls of blinking {!r}
 r - 3 scrolls of enchant armour {!r}
 s - a scroll of brand weapon {!r}
 t - 4 scrolls of identify {!r}
 w - a scroll of acquirement {!r}
Miscellaneous
 B - a box of beasts


   Skills:
 - Level 8.0 Fighting
 - Level 8.0 Dodging
 - Level 1.5 Stealth
 + Level 2.3 Shields
 + Level 6.2 Spellcasting
 * Level 6.3 Conjurations
 - Level 0.7 Summonings
 - Level 0.7 Translocations


You had 10 spell levels left.
You knew the following spells:

 Your Spells              Type           Power        Failure   Level  Hunger
a - Magic Dart            Conj           ####         1%          1    N/A
b - Call Imp              Summ           ##......     10%         2    N/A
e - Mephitic Cloud        Conj/Pois/Air  ###.....     3%          3    N/A
s - Conjure Flame         Conj/Fire      ###.....     2%          3    N/A
v - Blink                 Tloc           N/A          10%         2    N/A

Your spell library contained the following spells:

 Spells                   Type           Power        Failure   Level  Hunger
 Slow                     Hex            #.......     14%         2    N/A

Dungeon Overview and Level Annotations

Branches:
Dungeon (10/15)            Temple (1/1) D:4            Lair (0/6) D:9
    Orc: D:9-12

Altars:
Cheibriados
Elyvilon
Fedhas
Hepliaklqana
Kikubaaqudgha
Makhleb
Nemelex Xobeh
Okawaru
Qazlal
Ru
Sif Muna
Trog
Vehumet
Wu Jian
Yredelemnul
Zin
The Shining One

Annotations:
D:5 1 runed door, zard0z's ghost, novice DEFE


Innate Abilities, Weirdness & Mutations

You do not eat or drink.
Your flesh is vulnerable to fire.
You are immune to poison.
Your flesh is cold resistant. (rC+)
You are immune to negative energy. (rN+++)
You are immune to unholy pain and torment.
You can survive without breathing.


Message History

You hear a splash. x4
Firing (i - inventory. (/) - cycle)
z - 87 bolts (quivered)
Press: ? - help, Shift-Dir - straight line, f - orc warrior
Aim: an orc warrior, wielding an arbalest and wearing a ring mail (moderately wounded, confused)
You shoot a bolt.
The bolt hits the orc warrior but does no damage.
The orc warrior is moderately wounded.
You hear a splash.
The orc wields an arbalest.
The orc shoots a bolt.
The bolt hits you!
You hear a splash.
You see here a bolt.
Casting: Mephitic Cloud (safe; 3% risk of failure)
Confirm with . or Enter, or press ? or * to list all spells.
Aiming: Mephitic Cloud (safe; 3% risk of failure)
Press: ? - help, Shift-Dir - straight line, p - orc warrior The ball explodes into a vile cloud!
The stinking cloud engulfs the orc.
You hear a shout!
The orc warrior seems less confused.
The orc shoots a bolt.
The bolt hits you!
* * * LOW HITPOINT WARNING * * *
You hear a splash.
The orc warrior shoots a bolt.
The bolt misses you.
You hear a splash.
Casting: Mephitic Cloud (safe; 3% risk of failure)
Confirm with . or Enter, or press ? or * to list all spells.
You blink.
Splash!
The orc shoots a bolt.
The bolt barely misses you.
The bolt hits the orc warrior.
You hear a splash.
The orc warrior shoots a bolt.
The bolt hits you!
* * * LOW HITPOINT WARNING * * *
You hear a splash.
You hear a shout!
Casting: Blink (safe; 10% risk of failure)
Confirm with . or Enter, or press ? or * to list all spells.
You don't have enough magic to cast that spell.
Unknown command.
The orc shoots a bolt.
The bolt hits you.
* * * LOW HITPOINT WARNING * * *
You hear a splash.
The orc warrior unwields an uncursed arbalest.
The orc warrior hits you but does no damage.
You see here a bolt.
Evoke which item? (* to show all) (? for menu, Esc to quit)
Okay, then.
Evoke which item? (* to show all) (? for menu, Esc to quit)
Aiming: Cloud Cone
Press: ? - help, Dir - move target cursor, f - orc warrior
Aim: an orc warrior, wearing a ring mail (heavily wounded)
You create a blast of noxious fumes!
The orc warrior is engulfed in noxious fumes.
The orc warrior appears confused.
Your magical contamination has completely faded away.
Evoke which item? (* to show all) (? for menu, Esc to quit)
Aiming: Cloud Cone
Press: ? - help, Dir - move target cursor, f/p - orc warrior
Aim: an orc warrior, wearing a ring mail (heavily wounded, confused)
Okay, then.
Evoke which item? (* to show all) (? for menu, Esc to quit)
Aiming: Cloud Cone
Press: ? - help, Dir - move target cursor, p - orc warrior You create a blast of flame!
The orc is engulfed in blazing flames.
The orc shoots a bolt.
The bolt hits you!!
You die...

≈≈≈≈≈##≈≈#'''##≈≈≈≈≈≈≈≈≈≈≈......#
≈≈≈≈≈≈##≈≈≈≈≈##≈≈≈≈≈≈≈≈≈≈≈......#
≈≈≈≈≈≈≈##≈≈≈≈##≈§≈≈≈≈≈≈≈≈≈......#
.#≈≈)≈≈≈#######≈≈§§§§#.#≈≈......#
.∩#≈≈≈≈≈≈≈≈≈≈≈(≈§o§§#∩.##≈......#
^.)≈≈≈(≈≈(≈)≈)((§§§§..^..≈......#
.##≈≈≈(≈≈≈≈(≈≈≈≈(§o§##.##≈......#
.#≈≈≈≈(≈≈≈≈≈≈≈≈≈§≈≈≈≈#.#≈≈......#
≈≈≈≈≈≈≈(≈≈≈≈≈≈≈§@§≈≈≈≈≈≈≈≈......#
...............§§§..............#
..............§§§§§.............#
.........(......................#
................................#
................................#
...............................∩#
#################################


You could see an orc warrior (confused) and an orc.

Vanquished Creatures
  An orc knight (Bailey)
  A hippogriff (D:9)
  A yak (D:6)
  Duvessa (D:5)
  10 orc warriors
  A black bear (D:7)
  2 ice beasts (D:7)
  A phantom (D:6)
  4 ogres
  4 centaurs
  3 crocodiles
  5 bullfrogs
  6 scorpions
  Dowan (D:5)
  3 howler monkeys
  2 wights
  3 crimson imps
  A bullfrog zombie (D:9)
  A quasit (D:8)
  2 orc priests (D:4)
  6 hounds
  10 orc wizards
  Jessica (D:2)
  An iguana (D:4)
  8 worker ants
  A hound zombie (D:7)
  A hound skeleton (D:9)
  A howler monkey zombie (D:9)
  2 worker ant zombies
  4 gnolls (D:9)
  13 adders
  3 oozes
  5 worms
  2 dart slugs (D:2)
  4 leopard geckos
  40 orcs
  13 bats
  12 giant cockroaches
  9 hobgoblins
  10 jackals
  3 quokkas
  2 ball pythons (Sewer)
  8 frilled lizards
  2 gnoll zombies (D:4)
  5 goblins
  12 kobolds
  A leopard gecko zombie (D:7)
  A quokka skeleton (D:4)
  8 rats
241 creatures vanquished.

Vanquished Creatures (collateral kills)
  An ice beast (D:5)
  Terence (D:2)
  2 adders (D:3)
  4 oozes (Sewer)
  A worm (Sewer)
  An orc (D:8)
  A giant cockroach (D:3)
11 creatures vanquished.

Vanquished Creatures (others)
  An orc wizard (D:9)
  An adder zombie (D:6)
  A fungus (D:7)
  A plant (D:7)
4 creatures vanquished.

Grand Total: 256 creatures vanquished

Notes
Turn   | Place    | Note
-------+----------+-------------------------------------------
     0 | D:1      | Amnesiac the Mummy Wizard began the quest for the Orb.
     0 | D:1      | Reached XP level 1. HP: 13/13 MP: 5/5
     9 | D:1      | Reached skill level 1 in Conjurations
   213 | D:2      | Reached XP level 2. HP: 6/19 MP: 0/7
   276 | D:2      | Learned a level 2 spell: Call Imp
   762 | D:2      | Found a glowing silver altar of Zin.
   938 | D:2      | Reached XP level 3. HP: 24/24 MP: 8/8
   943 | D:2      | Learned a level 3 spell: Conjure Flame
   947 | D:2      | Learned a level 3 spell: Mephitic Cloud
   952 | D:2      | Found a sparkling altar of Nemelex Xobeh.
   967 | D:2      | Noticed Jessica
   989 | D:2      | Killed Jessica
  1036 | D:2      | Reached skill level 1 in Fighting
  1207 | D:2      | Noticed Terence
  1217 | D:2      | Killed Terence
  1217 | D:2      | Reached XP level 4. HP: 20/32 MP: 2/10
  1224 | D:2      | Found a hazy altar of Hepliaklqana.
  1502 | D:2      | Learned a level 2 spell: Blink
  1544 | D:3      | Found a glowing drain.
  1572 | D:3      | Reached XP level 5. HP: 18/38 MP: 7/11
  1670 | Sewer    | Entered a sewer
  3035 | D:3      | Reached XP level 6. HP: 39/44 MP: 12/12
  3649 | D:2      | Found an ornate altar of the Wu Jian Council.
  4799 | D:4      | Found a staircase to the Ecumenical Temple.
  4957 | D:5      | Entered Level 5 of the Dungeon
  5023 | D:5      | Found a runed door.
  5109 | D:5      | Noticed Duvessa
  5115 | D:5      | Noticed Dowan
  5125 | D:5      | Killed Dowan
  5125 | D:5      | Reached skill level 5 in Spellcasting
  5125 | D:5      | Reached skill level 5 in Conjurations
  5125 | D:5      | Reached XP level 7. HP: 52/52 MP: 5/14
  5168 | D:5      | Killed Duvessa
  5325 | D:5      | Found a blossoming altar of Fedhas.
  5398 | Temple   | Entered the Ecumenical Temple
  5609 | Temple   | Became a worshipper of Vehumet
  5724 | D:4      | Reached skill level 5 in Fighting
  5839 | D:4      | Found a basalt altar of Yredelemnul.
  7020 | D:5      | Reached XP level 8. HP: 64/64 MP: 15/15
  7238 | D:5      | Noticed zard0z's ghost (novice DEFE)
  7350 | D:6      | Reached * piety under Vehumet
  7350 | D:6      | Offered knowledge of Shock by Vehumet.
  7922 | D:6      | Found a white marble altar of Elyvilon.
  8629 | D:6      | Reached XP level 9. HP: 39/74 MP: 13/16
  8789 | D:7      | Offered knowledge of Throw Flame by Vehumet.
  8809 | D:7      | Reached skill level 5 in Dodging
  8846 | D:7      | Found an iron altar of Okawaru.
  8857 | D:7      | Reached ** piety under Vehumet
  9307 | D:7      | Found a sacrificial altar of Ru.
  9502 | D:7      | Found a stormy altar of Qazlal.
  9895 | D:10     | Entered Level 10 of the Dungeon
  9907 | D:9      | Noticed an elephant
  9929 | D:9      | Identified a scroll of acquirement {!r}
 10107 | D:9      | Offered knowledge of Dazzling Spray by Vehumet.
 10170 | D:9      | Reached skill level 1 in Shields
 10170 | D:9      | Reached XP level 10. HP: 56/80 MP: 11/18
 10185 | D:9      | Found a staircase to the Lair.
 10242 | D:9      | Found a flagged portal.
 10261 | D:9      | Reached *** piety under Vehumet
 10299 | Bailey   | Entered a bailey
 10854 | Bailey   | Noticed an orc knight
 10862 | Bailey   | Killed an orc knight
 11037 | Bailey   | Shot with a bolt by an orc

Vault maps used:
D:1:      shiori_arrival_maze
D:2:      lemuel_upstairs_altar, zin_statuary, old_standard_altar,
          lemuel_round_altar, minivault_4, uniq_terence, uniq_jessica
D:3:      gup_sewer_entry_glass
D:4:      lemuel_zombie_altar_yredelemnul, minmay_temple_entry_from_below_a,
          first_ration, hangedman_decor_clover_reticule
D:5:      overflow_temple_1_default, ebering_ghost_reflecting_pool, uniq_duvessa
D:6:      kennysheep_big_flooded_room, elyvilon_altar_4
D:7:      nicolae_overflow_crystal_walls, nicolae_qazlal_eye_of_the_storm,
          nicolae_ru_the_path_less_chosen
D:8:      minitemple, overflow_temple_1_default, serial_shops,
          kennysheep_mini_moat
D:9:      grunt_gozag_breadcrumbs, lemuel_doored_altar, david_lair_generic,
          lightli_bailey_entry_fortress
D:10:     david_nohive_1
Temple:   cyrus_temple_forest
Sewer:    sewer_fruit_machine
Bailey:   bailey_polearm_2, bailey

Skill      XL: |  1  2  3  4  5  6  7  8  9 10 |
---------------+-------------------------------+-----
Conjurations   | 1 2 3 4 5 6 |  6.3
Dodging        | 2 4 8 |  8.0
Fighting       | 1 2 3 6 8 |  8.0
Spellcasting   | 5 6 |  6.2
Shields        | 1 2 |  2.3
Stealth        | |  1.5
Summonings     | |  0.7
Translocations | |  0.7

Action                   |  1- 3 |  4- 6 |  7- 9 | 10-12 || total
-------------------------+-------+-------+-------+-------++-------
Melee: Unarmed           |    11 |       |       |       ||    11
       Mace              |    22 |   222 |       |       ||   244
       Dagger            |     1 |       |       |       ||     1
 Fire: Hunting sling     |       |    57 |   578 |    74 ||   709
       Arbalest          |       |       |       |    54 ||    54
 Cast: Magic Dart        |    39 |       |     7 |       ||    46
       Call Imp          |     3 |    12 |     4 |       ||    19
       Blink             |       |     4 |     2 |     8 ||    14
       Mephitic Cloud    |       |     3 |    30 |    18 ||    51
       Conjure Flame     |       |       |     1 |       ||     1
Evoke: Wand              |       |       |     1 |     2 ||     3
  Use: Scroll            |       |     4 |     5 |       ||     9
 Stab: Sleeping          |     1 |     4 |       |       ||     5
       Distracted        |       |     1 |       |       ||     1
Armor: Robe              |    10 |   136 |   141 |    23 ||   310
Dodge: Dodged            |    43 |   268 |   255 |    70 ||   636

Table legend:
 A = Spawn XP
 B = Non-spawn XP
 C = Spawn XP percentage of total XP
 D = Spawn monster count
 E = Non-spawn monster count
 F = Spawn count percentage of total count
 G = Total turns spent on level
                    A         B        C        D         E        F      G
               +---------+---------+-------+---------+---------+-------+---------
         Total |       0 |    7332 |   0.0 |       0 |     253 |   0.0 | 11037
               +---------+---------+-------+---------+---------+-------+---------
           D:1 |       0 |      39 |   0.0 |       0 |      22 |   0.0 |   773
           D:2 |       0 |     103 |   0.0 |       0 |      22 |   0.0 |  1661
           D:3 |       0 |     256 |   0.0 |       0 |      33 |   0.0 |  1098
           D:4 |       0 |     444 |   0.0 |       0 |      21 |   0.0 |  1344
           D:5 |       0 |     597 |   0.0 |       0 |      13 |   0.0 |   960
           D:6 |       0 |     849 |   0.0 |       0 |      17 |   0.0 |  1379
           D:7 |       0 |    1523 |   0.0 |       0 |      35 |   0.0 |  1075
           D:8 |       0 |     644 |   0.0 |       0 |      14 |   0.0 |   164
           D:9 |       0 |    1173 |   0.0 |       0 |      28 |   0.0 |   402
         Sewer |       0 |      66 |   0.0 |       0 |      26 |   0.0 |  1204
        Bailey |       0 |    1638 |   0.0 |       0 |      22 |   0.0 |   738
               +---------+---------+-------+---------+---------+-------+---------
